 Dungeon Crawl Stone Soup version 0.30-a0-883-g5ad918d77d (webtiles) character file.

Game seed: 15442894994564630221

282 Sanktem7 the Chopper (level 6, -6/55 HPs)
             Began as a Minotaur Fighter on Mar 16, 2023.
             Mangled by Prince Ribbit (9 damage)
             ... on level 5 of the Dungeon.
             The game lasted 00:04:38 (2671 turns).

Sanktem7 the Chopper (Minotaur Fighter)             Turns: 2671, Time: 00:04:39

Health: -6/55      AC:  8    Str: 23    XL:     6   Next: 6%
Magic:  5/5        EV:  9    Int:  5    God:
Gold:   136        SH:  4    Dex:  9    Spells: 5/5 levels left

rFire   . . .      SeeInvis .    a - +0 war axe {axe}
rCold   . . .      Faith    .    c - +0 buckler
rNeg    . . .      Spirit   .    b - +0 scale mail
rPois   .          Reflect  .    (helmet restricted)
rElec   .          Rampage  .    (no cloak)
rCorr   +                        (no gloves)
Will    .....                    g - +0 pair of boots Stlth
                                 (no amulet)
HPRegen 0.29/turn                u - ring of resist corrosion
MPRegen 0.09/turn                (no ring)

@: no status effects
A: horns 2, retaliatory headbutt
a: no special abilities


You were on level 5 of the Dungeon.
You visited 1 branch of the dungeon, and saw 5 of its levels.

You collected 136 gold pieces.


Innate Abilities, Weirdness & Mutations

You have a pair of horns on your head.
You reflexively headbutt those who attack you in melee.


   Skills:
 + Level 4.8 Fighting
 * Level 5.2 Axes
 + Level 4.8 Armour
 + Level 4.8 Shields


You had 5 spell levels left.
You didn't know any spells.
Your spell library contained the following spells:

 Spells                   Type           Power      Damage    Failure   Level
 Apportation              Tloc           0%         N/A       86%         1
 Necrotise                Necr           0%         1d4       86%         1
 Sting                    Tmut/Pois      0%         1d3       86%         1
 Summon Small Mammal      Summ           0%         N/A       86%         1
 Cigotuvi's Dreadful Rot  Necr/Pois/Air  0%         N/A       94%         2
 Poisonous Vapours        Pois/Air       0%         N/A       94%         2
 Static Discharge         Conj/Air       0%         2-2/arc   94%         2
 Dazzling Flash           Conj/Hex       0%         N/A       99%         3
 Mephitic Cloud           Conj/Pois/Air  0%         N/A       99%         3
 Vhi's Electric Charge    Tloc/Air       0%         N/A       99%         3
 Olgreb's Toxic Radiance  Pois           0%         N/A       100%        4
 Agony                    Necr           0%         N/A       100%        5
 Arcjolt                  Conj/Air       0%         1d10      100%        5
 Lightning Bolt           Conj/Air       0%         1d11      100%        5
 Silence                  Hex/Air        0%         N/A       100%        5

Inventory:

Hand Weapons
 a - a +0 war axe (weapon) {axe}
 m - a +1 dagger of pain {short}
   (You found it on level 1 of the Dungeon)
 C - the +8 short sword "Impslayer" {drain, rC- rN+++ Str-5 Stlth+, short}
   (You found it on level 4 of the Dungeon)

   Str:       It affects your strength (-5).
   rC:        It makes you vulnerable to cold.
   rN:        It renders you almost immune to negative energy.
   Stlth:     It makes you more stealthy.
Missiles
 e - 59 stones (quivered) {throwing}
 n - 4 atropa-tipped darts {throwing}
 o - 8 poisoned darts {throwing}
 x - 10 boomerangs {throwing}
Armour
 b - a +0 scale mail (worn)
 c - a +0 buckler (worn)
 g - a +0 pair of boots (worn)
   (You found it on level 1 of the Dungeon)
 y - the +0 leather armour of Runtia {rElec Str+3}
   (You found it on level 3 of the Dungeon)

   Str:       It affects your strength (+3).
   rElec:     It insulates you from electricity.
 H - an orb of light
   (You found it on level 4 of the Dungeon)
Magical Staves
 D - a staff of conjuration {!a@e2staff}
   (You found it on level 4 of the Dungeon)
Jewellery
 u - a ring of resist corrosion (left hand)
   (You found it on level 2 of the Dungeon)
 B - a ring of ice
   (You found it on level 3 of the Dungeon)
Scrolls
 i - 5 scrolls of amnesia {unknown}
 k - 2 scrolls of fear {unknown}
 l - a scroll of fog {unknown}
 q - a scroll of teleportation {unknown}
 r - a scroll of enchant weapon {unknown}
 s - 2 scrolls of magic mapping {unknown}
 t - 2 scrolls of identify {unknown}
 v - 2 scrolls of acquirement {unknown}
 w - a scroll of noise {unknown}
 A - a scroll of poison {unknown}
 F - a scroll of blinking {unknown}
 G - a scroll of enchant armour {unknown}
Potions
 d - a potion of might
 f - a potion of lignification {unknown}
 h - 3 potions of curing {unknown}
 j - 3 potions of berserk rage {unknown}
 p - 3 potions of brilliance {unknown}
 z - a potion of flight {unknown}
 E - 2 potions of experience {unknown}

Dungeon Overview and Level Annotations

Branches:
Dungeon (5/15) Zot: 26806
 Temple: D:4-7

Altars:
Dithmenos
Elyvilon
Gozag
Nemelex Xobeh
Ru

Annotations:
D:5 Prince Ribbit

#..# #### #..# ###...###..#
####### ..........###......
#................. #.
#................ #.
#............#
##.##########..F..†...#######..
..).............@.............
.........######.####....[###
..#####.# #.####.....#### ###.#
#.# #..........$....
<##.#####.# ######.....#####
.##..##...#### #.....#
.###.........# ####### .#
#.........# .# #)........#


You could see Prince Ribbit.


Message History

You slash the ogre! You headbutt the ogre! The ogre barely misses you.
You hit the ogre. Your headbutt misses the ogre.
The ogre hits you with a +0 giant spiked club!! 😮 HP[-19]
You take 19 damage, and now have 28/47 hp.
MASSIVE DAMAGE!! (PAUSE)
You closely miss the ogre. You headbutt the ogre.
You kill the ogre!
Your Axes skill increases to level 5!
You have reached level 6! 😮 HP[+5] MP[+1]
You now have 55 max hp (+8).
You regained 5 hp, and now have 33/55 hp.
Your mp is fully restored (5).
Things that are here:
a +0 giant spiked club {mace}; an ogre corpse An adder comes into view.
The adder hisses angrily. 😎 HP[+22]
Your hp is fully restored (55).
An adder is nearby!
An adder is nearby!
Found an escape hatch in the floor.
No target in view!
No target in view!
No target in view!
No target in view!
No target in view!
No target in view!
No target in view!
An adder is nearby!
You hit the adder. Your headbutt misses the adder.
The adder bites you but does no damage. The adder barely misses you.
You slash the adder!
You kill the adder!
No target in view!
No target in view!
No target in view!
No target in view!
You now have 136 gold pieces (gained 5).
A worm comes into view.
A worm is nearby!
You hit the worm. You headbutt the worm! The worm bites you! 😕 HP[-7]
You take 7 damage, and now have 48/55 hp.
You hit the worm. You barely miss the worm. You headbutt the worm.
You kill the worm! 😕 HP[+1] No target in view!
No target in view!
No target in view!
You see here a worm corpse.
e - 59 stones {throwing} (gained 2) Prince Ribbit comes into view.
Prince Ribbit gives a loud, deep croak! 😎 HP[+6]
Your hp is fully restored (55).
You closely miss Prince Ribbit. Prince Ribbit hits you!
Prince Ribbit blinks! 😕 HP[-12]
You take 12 damage, and now have 43/55 hp.
MASSIVE DAMAGE!! (PAUSE) 😕 HP[+1]
You barely miss Prince Ribbit.
Prince Ribbit blinks! x2
Unknown command. 😕 HP[+1] Prince Ribbit blinks! 😕 HP[+1] Prince Ribbit closely misses you.
Prince Ribbit hits you. 😮 HP[-5]
You take 5 damage, and now have 41/55 hp.
You miss Prince Ribbit. Your headbutt misses Prince Ribbit.
You block Prince Ribbit's attack. Prince Ribbit hits you!
* * * LOW HITPOINT WARNING * * *
😨 HP[-14]
You take 14 damage, and now have 27/55 hp.
MASSIVE DAMAGE!! (PAUSE)
You closely miss Prince Ribbit.
Prince Ribbit catches a baby bat with his tongue.
Prince Ribbit hits you.
* * * LOW HITPOINT WARNING * * *
😨 HP[-3]
You take 3 damage, and now have 24/55 hp.
You hit Prince Ribbit. Prince Ribbit barely misses you.
Prince Ribbit croaks regally.
Prince Ribbit blinks!
Prince Ribbit blinks!
Prince Ribbit barely misses you. You furiously retaliate!
You headbutt Prince Ribbit! 😨 HP[+1]
You hit Prince Ribbit. Prince Ribbit hits you.
* * * LOW HITPOINT WARNING * * *
Prince Ribbit hits you!
* * * LOW HITPOINT WARNING * * *
😨 HP[-9]
You take 9 damage, and now have 16/55 hp.
You slash Prince Ribbit! Prince Ribbit hits you!
* * * LOW HITPOINT WARNING * * *
Prince Ribbit hits you!
You die...

Skill      XL: |  1  2  3  4  5 |
---------------+----------------+-----
Axes           | 3 4 5 |  5.2
Armour         | 4 |  4.8
Fighting       | 4 |  4.8
Shields        | 4 |  4.8

Action                     |  1- 3 |  4- 6 || total
---------------------------+-------+-------++-------
  Melee: War axe           |    97 |    80 ||   177
         Headbutt          |    14 |    13 ||    27
 Armour: Scale mail        |    37 |    32 ||    69
  Dodge: Dodged            |    50 |    41 ||    91
  Block: Buckler           |    30 |    24 ||    54

Levels and vault maps discovered:
D:1:      nagdon_arrival_zigzag_paths, layout_rooms
D:2:      layout_loops_cross, basic_altar, amcnicky_mini_pool_small
D:3:      layout_rooms, mainiacjoe_overflow_concentric_impassable,
          elyvilon_altar_3, nicolae_overflow_two_pavilions
D:4:      layout_rooms, marbit_many_paths, chequers_arboretum
D:5:      layout_basic, tgw_xom, temple_fountains, uniq_prince_ribbit1,
          uniq_ijyb

Notes
Turn   | Place    | Note
-------+----------+-------------------------------------------
     0 | D:1      | Sanktem7 the Minotaur Fighter began the quest for the Orb.
     0 | D:1      | Reached XP level 1. HP: 19/19 MP: 0/0
     0 | D:1      | magus.rc [v1.9.6]
   192 | D:1      | Reached XP level 2. HP: 27/27 MP: 1/1
   248 | D:1      | Reached skill level 3 in Axes
   557 | D:1      | Reached skill level 4 in Armour
   621 | D:2      | You pick up a book of Vapours and begin reading...
   621 | D:2      | You add the spells Poisonous Vapours, Cigotuvi's Dreadful
                  | Rot and Mephitic Cloud to your library.
   634 | D:2      | Reached XP level 3. HP: 33/33 MP: 2/2
   644 | D:2      | Reached skill level 4 in Fighting
   699 | D:2      | Reached skill level 4 in Shields
   765 | D:2      | Found a sparkling altar of Nemelex Xobeh.
   780 | D:2      | You add the spells Sting and Olgreb's Toxic Radiance to
                  | your library.
  1178 | D:2      | You pick up a book of Cantrips and begin reading...
  1178 | D:2      | You add the spells Necrotise, Summon Small Mammal and
                  | Apportation to your library.
  1290 | D:3      | Reached XP level 4. HP: 40/40 MP: 3/3
  1309 | D:3      | Found a sacrificial altar of Ru.
  1348 | D:3      | Identified the +0 leather armour of Runtia {rElec Str+3}
  1397 | D:3      | Found a white marble altar of Elyvilon.
  1400 | D:3      | HP: 8/40 [orc/+0 short sword (3)]
  1402 | D:3      | Reached skill level 4 in Axes
  1406 | D:3      | Reached XP level 5. HP: 11/47 MP: 4/4
  1407 | D:3      | HP: 9/47 [adder (3)]
  1620 | D:3      | Found an opulent altar of Gozag.
  1620 | D:3      | Found a shadowy altar of Dithmenos.
  1650 | D:3      | You pick up a book of the Senses and begin reading...
  1650 | D:3      | You add the spells Dazzling Flash, Agony and Silence to
                  | your library.
  1973 | D:4      | Identified the +8 short sword "Impslayer" {drain, rC- rN+++
                  | Str-5 Stlth+}
  2054 | D:4      | You pick up a book of Lightning and begin reading...
  2054 | D:4      | You add the spells Static Discharge, Vhi's Electric Charge,
                  | Lightning Bolt and Arcjolt to your library.
  2059 | D:4      | Found a sparkling altar of Nemelex Xobeh.
  2483 | D:5      | Entered Level 5 of the Dungeon
  2511 | D:5      | Noticed an ogre
  2519 | D:5      | Killed an ogre
  2520 | D:5      | Reached skill level 5 in Axes
  2520 | D:5      | Reached XP level 6. HP: 33/55 MP: 5/5
  2653 | D:5      | Noticed Prince Ribbit
  2671 | D:5      | HP: 3/55 [Prince Ribbit (13)]
  2671 | D:5      | Mangled by Prince Ribbit

Vanquished Creatures
  An ogre (D:5)
  2 orc priests (D:3)
  5 adders
  An ufetubus (D:4)
  A worm (D:5)
  4 dart slugs
  4 orcs
  7 bats
  9 endoplasms
  5 giant cockroaches
  4 goblins
  4 hobgoblins
  7 kobolds
  4 quokkas
  6 ball pythons
  4 frilled lizards
  4 rats
72 creatures vanquished.

Table legend:
 A = Non-vault XP
 B = Vault XP
 C = Vault XP percentage of total XP
 D = Non-vault monster count
 E = Vault monster count
 F = Vault count percentage of total count
                 A         B        C        D         E       F
            +---------+---------+-------+---------+---------+-------
      Total |     401 |       2 |   0.5 |      71 |       1 |   1.4
            +---------+---------+-------+---------+---------+-------
        D:1 |      40 |       0 |   0.0 |      22 |       0 |   0.0
        D:2 |      54 |       0 |   0.0 |      21 |       0 |   0.0
        D:3 |     141 |       0 |   0.0 |      15 |       0 |   0.0
        D:4 |      27 |       2 |   6.9 |      10 |       1 |   9.1
        D:5 |     139 |       0 |   0.0 |       3 |       0 |   0.0
            +---------+---------+-------+---------+---------+-------

Illustrated notes

Table legend:
 A = Kills in this place as a percentage of kills in the entire game.
 B = Kills by you in this place as a percentage of kills by you in the entire game.
 C = Kills by friends in this place as a percentage of kills by friends in the entire game.
 D = Other kills in this place as a percentage of other kills in the entire game.
 E = Experience gained in this place as a percentage of experience gained in the entire game.
 F = Experience gained in this place divided by the number of levels of this place that you have seen.
                   A       B       C       D       E      F
               +-------+-------+-------+-------+-------+----------------------
         Total | 100.0 | 100.0 |   N/A |   N/A | 100.0 |  80.6
       Dungeon | 100.0 | 100.0 |   N/A |   N/A | 100.0 |  80.6
               +-------+-------+-------+-------+-------+----------------------

Table legend: (Time is in decaauts)
 A = Elapsed time spent in this place.
 B = Non-inter-level travel time spent in this place.
 C = Inter-level travel time spent in this place.
 D = Time resting spent in this place.
 E = Time spent auto-exploring this place.
 F = Levels seen in this place.
 G = Mean time per level.
                   A        B        C        D        E       F      G
               +--------+--------+--------+--------+--------+-----+--------+
         Total |   2731 |   2663 |     68 |      0 |   2190 |   5 |  546.2 |
       Dungeon |   2731 |   2663 |     68 |      0 |   2190 |   5 |  546.2 |
               +--------+--------+--------+--------+--------+-----+--------+

Top non-repeatable levels by time:
     D:2: 715 daAuts
     D:3: 632 daAuts
     D:1: 602 daAuts
     D:4: 589 daAuts
     D:5: 192 daAuts
